Map: Torres Crepusculares

Players

MiToSiS

  • Race: Terran Terran
  • League: Master

TheZergLord - Winner!

  • Race: Zerg Zerg
  • League: Master

VOD

Have the link to the VOD?

Description

Time

  • Played on: April 26, 2016, 1:19 p.m.
  • Length: 10:46
Show
View Real Time Build Order
Export as new Build Order

MiToSiS Terran 

Build Orders: Hellion Banshee 

Get SALT Encoding   

  12  0:02  SCV  
  13  0:14  SCV  
  14  0:18  Supply Depot  
  14  0:26  SCV  
  15  0:31  Refinery  
  15  0:40  SCV  
  16  0:46  Barracks  
  16  0:52  SCV  
  17  1:04  SCV  
  18  1:16  SCV  
  20  1:35  Reaper  
  20  1:37  Orbital Command  
  20  1:46  Command Center  
  20  1:57  Factory  
  20  2:02  Refinery  
  20  2:05  SCV  
  21  2:12  Barracks Reactor  
  21  2:17  Supply Depot  
  21  2:21  SCV  
  22  2:34  SCV  
  23  2:46  SCV  
  24  2:54  Refinery  
  24  2:57  Hellion  
  24  2:58  SCV  
  27  2:59  Starport, Hellion  
  27  3:04  Barracks Tech Lab  
  29  3:10  Orbital Command  
  28  3:21  SCV  
  28  3:22  Starport  
  29  3:32  Barracks Tech Lab  
  29  3:34  Armory  
  29  3:42  Cloaking Field  
  29  3:44  Hellion  
  31  3:51  Hellion  
  33  4:03  SCV  
  33  4:05  Hellion  
  33  4:08  Banshee  
  39  4:11  Marine  
  39  4:12  Hellion  
  42  4:18  Banshee  
  45  4:24  Supply Depot  
  45  4:34  Supply Depot  
  45  4:39  Supply Depot, SCV  
  46  4:46  Hellion  
  48  4:56  SCV  
  48  4:57  Banshee  
  48  4:58  SCV  
  53  5:05  Starport  
  53  5:06  Engineering Bay  
  53  5:08  SCV  
  53  5:10  SCV  
  55  5:20  SCV  
  44  5:38  Banshee  
  44  5:42  SCV  
  46  5:50  SCV  
  46  6:01  Starport Reactor, Banshee  
  46  6:02  SCV  
  50  6:07  SCV  
  51  6:21  Banshee  
  51  6:24  Liberator x2  
  54  6:38  SCV  
  55  6:40  Refinery  
  64  6:57  Command Center  
  64  7:06  Liberator  
  64  7:07  Supply Depot x2  
  64  7:08  Liberator  
  67  7:11  Liberator  
  67  7:13  Missile Turret  
  67  7:15  Missile Turret  
  67  7:17  Missile Turret  
  67  7:18  Missile Turret  
  67  7:24  Banshee  
  67  7:29  SCV  
  74  7:30  SCV  
  75  7:41  SCV  
  76  7:46  Widow Mine x2  
  76  7:48  SCV  
  76  7:49  Liberator  
  81  7:53  SCV  
  82  8:01  SCV  
  82  8:05  Fusion Core  
  83  8:06  SCV  
  83  8:07  Missile Turret  
  83  8:12  Liberator x3  
  81  8:15  Widow Mine x2  
  82  8:32  Liberator  
  91  8:40  Orbital Command  
  87  8:43  Missile Turret  
  85  8:55  Liberator  
  74  9:14  Liberator  
  74  9:28  Liberator x2  
  69  9:33  Orbital Command  
  69  9:57  Orbital Command  
Show
View Real Time Build Order
Export as new Build Order

TheZergLord Zerg - Winner!

Build Orders: Hatch First 

Get SALT Encoding   

  12  0:01  Drone  
  13  0:12  Overlord  
  13  0:17  Drone  
  14  0:31  Drone x2  
  14  0:34  Drone  
  17  0:54  Hatchery  
  17  0:56  Drone  
  17  1:10  Spawning Pool  
  16  1:12  Drone  
  16  1:15  Extractor  
  16  1:17  Drone  
  17  1:21  Drone  
  18  1:28  Drone  
  19  1:40  Overlord  
  19  1:57  Queen  
  19  1:58  Zergling x2  
  19  2:01  Zergling x2  
  23  2:05  Queen  
  23  2:06  Zergling x2  
  26  2:16  Metabolic Boost  
  26  2:21  Drone x2  
  28  2:23  Drone  
  28  2:28  Drone  
  30  2:37  Drone  
  31  2:45  Hatchery  
  30  2:54  Queen  
  30  2:56  Overlord  
  32  3:08  Drone x4  
  36  3:19  Drone  
  38  3:20  Overlord, Drone x2  
  39  3:27  Drone x3  
  39  3:31  Drone  
  43  3:37  Drone  
  43  3:41  Queen x2, Drone  
  45  3:44  Overlord  
  49  3:48  Overlord  
  49  3:56  Drone x3  
  49  3:57  Drone x3  
  55  4:07  Queen  
  55  4:08  Spine Crawler  
  56  4:17  Drone x4  
  56  4:18  Drone x3  
  56  4:19  Drone  
  64  4:30  Drone, Spore Crawler  
  64  4:31  Drone  
  65  4:32  Spore Crawler  
  65  4:33  Lair  
  65  4:34  Drone x2  
  65  4:36  Spore Crawler  
  65  4:40  Drone x3  
  65  4:43  Queen  
  70  4:46  Zergling x4  
  70  4:47  Zergling x2  
  70  4:49  Zergling x2  
  74  4:59  Overlord  
  74  5:01  Extractor x2  
  74  5:03  Extractor  
  74  5:05  Extractor x2  
  69  5:13  Roach Warren  
  68  5:15  Overlord x2  
  61  5:37  Overseer  
  59  5:49  Spire  
  55  5:57  Glial Reconstitution  
  55  5:59  Drone x8  
  55  6:01  Drone x7  
  55  6:02  Drone  
  69  6:10  Drone  
  69  6:11  Drone x4  
  73  6:24  Queen  
  75  6:26  Hatchery  
  71  6:35  Drone x2  
  71  6:36  Overlord x2  
  71  6:38  Queen, Overlord  
  71  6:39  Overlord x2  
  75  6:46  Overlord x2  
  75  7:01  Corruptor x2  
  75  7:02  Corruptor x4  
  75  7:07  Corruptor x2  
  91  7:09  Roach  
  91  7:10  Roach x2  
  91  7:15  Roach x3  
  103  7:20  Drone  
  104  7:23  Drone  
  104  7:26  Roach  
  107  7:34  Roach  
  109  7:38  Roach  
  109  7:39  Roach x6  
  109  7:40  Roach  
  109  7:43  Queen  
  127  7:46  Overseer  
  127  7:50  Roach  
  127  7:51  Roach x3  
  135  7:53  Drone  
  135  7:54  Evolution Chamber, Drone x2  
  135  7:57  Evolution Chamber  
  135  7:58  Roach x2  
  138  8:17  Roach  
  138  8:18  Roach x8  
  148  8:32  Corruptor x3  
  152  8:37  Overlord x4  
  152  8:38  Corruptor  
  144  8:58  Corruptor  
  144  8:59  Corruptor x7  
  144  9:09  Roach x2  
  144  9:10  Roach  
  130  9:26  Roach x8  
  134  9:40  Corruptor x2  
  126  9:47  Drone x13  
  126  9:51  Overseer  
  139  10:11  Roach  
  139  10:12  Roach x8  
  159  10:21  Roach x3  
Tags
 
Add a new tag
Caveats
  • Supply blocks, unpowered buildings, or Contaminate may cause inaccurate times.
  • Supply counts are checked every 10 seconds.